 Dungeon Crawl Stone Soup version 0.32-a0-32-g978bd804de (webtiles) character file.

Game seed: 786722701674436084

641 Essalna the Digger (level 7, -4/36 HPs)
             Began as a Gargoyle Earth Elementalist on Jan 20, 2024.
             Slain by an ogre
             ... wielding a +0 giant club
              (19 damage)
             ... on level 4 of the Dungeon.
             The game lasted 00:06:45 (3766 turns).

Essalna the Digger (Gargoyle Earth Elementalist)    Turns: 3766, Time: 00:06:46

Health: -4/36      AC:  7    Str: 12    XL:     7   Next: 51%
Magic:  11/13      EV: 12    Int: 17    God:
Gold:   167        SH:  5    Dex: 10    Spells: 13/14 levels left

rFire   . . .        d - +2 dagger (holy)
rCold   . . .        (no shield)
rNeg    + . .        a - +0 robe
rPois   ∞            (no helmet)
rElec   +            (no cloak)
rCorr   .            (no gloves)
SInv    .            p - +0 pair of boots
Will    .....        o - amulet of reflection
Stlth   ++           (no ring)
HPRegen 0.26/turn    (no ring)
MPRegen 0.13/turn

%: reflection
@: no status effects
A: sickness immunity, AC +4, negative energy resistance 1, electricity
resistance, torment resistance 1, petrification resistance
a: no special abilities


You were on level 4 of the Dungeon.
You visited 1 branch of the dungeon, and saw 4 of its levels.

You collected 167 gold pieces.

Inventory:

Hand Weapons
 d - a +2 dagger of holy wrath (weapon)
Armour
 a - a +0 robe (worn)
 p - a +0 pair of boots (worn)
Jewellery
 o - an amulet of reflection (around neck)
Wands
 g - a wand of iceblast (4)
Scrolls
 e - 4 scrolls of identify {unknown}
 f - a scroll of enchant armour {unknown}
 i - a scroll of acquirement {unknown}
 j - 3 scrolls of teleportation {unknown}
 k - a scroll of enchant weapon {unknown}
 q - a scroll of torment {unknown}
Potions
 b - a potion of magic
 c - 2 potions of heal wounds {unknown}
 h - a potion of lignification {unknown}
 l - a potion of curing {unknown}
 m - a potion of brilliance {unknown}
 n - 2 potions of might {unknown}


   Skills:
 + Level 0.0 Fighting
 + Level 0.0 Armour
 + Level 1.6 Dodging
 - Level 2.1 Stealth
 - Level 4.0 Spellcasting
 + Level 5.1 Conjurations
 + Level 7.0 Earth Magic


You had 13 spell levels left.
You knew the following spells:

 Your Spells              Type           Power      Damage    Failure   Level
a - Sandblast             Erth           54%        2d13      1%          1

Your spell library contained the following spells:

 Spells                   Type           Power      Damage    Failure   Level
 Passwall                 Erth           27%        N/A       2%          3
 Stone Arrow              Conj/Erth      48%        3d10      3%          3
 Brom's Barrelling Bould  Conj/Erth      24%        2d5       13%         4
 Apportation              Tloc           6%         N/A       16%         1
 Necrotise                Necr           12%        1d4       16%         1
 Jinxbite                 Hex            6%         N/A       24%         2
 Petrify                  Alch/Erth      15%        N/A       36%         4
 Vampiric Draining        Necr           3%         2d6       43%         3
 Borgnjor's Vile Clutch   Necr/Erth      7%         N/A       71%         5
 Martyr's Knell           Necr/Summ      3%         N/A       83%         4
 Alistair's Intoxication  Alch           2%         N/A       99%         5
 Curse of Agony           Necr           3%         N/A       99%         5
 Eringya's Noxious Bog    Alch           1%         4d6       100%        6


Dungeon Overview and Level Annotations

Branches:
Dungeon (4/15)
 Temple: D:4-7

Altars:
Qazlal

Shops:
D:1 [*


Innate Abilities, Weirdness & Mutations

You are immune to sickness and miasma.
Your stone body is resilient. (AC +4)
You are immune to poison.
You resist negative energy. (rN+)
You are resistant to electric shocks. (rElec)
You are resistant to unholy torment.
You are immune to petrification.


Message History

You open the door.
Found a stormy altar of Qazlal.
Key pressed, stopping explore.
Key pressed, stopping explore.
An ogre comes into view. It is wielding a +0 giant club.
The ogre shouts!
You hear a shout! x2
A ball python comes into view.
The ogre moves out of view.
A ball python is nearby!
A ball python is nearby!
A ball python is nearby!
The blast of sand hits the ogre!
The ogre is moderately wounded.
The ball python hisses angrily.
The ogre hits you with a +0 giant club!
You are too injured to fight recklessly!
You are too injured to fight recklessly!
You are too injured to fight recklessly!
The ogre attacks as it pursues you! The ogre closely misses you.
The ball python attacks as it pursues you!
The ball python bites you. The ball python misses you.
Casting: Sandblast (safe; 1% risk of failure)
Confirm with . or Enter, or press ? or * to list all spells.
Aiming: Sandblast (safe; 1% risk of failure)
Press: ? - help, Shift-Dir - straight line, f/p - ogre
Aim: an ogre, wielding a +0 giant club (moderately wounded, 92% to hit)
The blast of sand hits the ball python!
You kill the ball python!
An orc comes into view. It is wielding a +0 dagger.
The ogre hits you with a +0 giant club!
Casting: Sandblast (safe; 1% risk of failure)
Confirm with . or Enter, or press ? or * to list all spells.
Aiming: Sandblast (safe; 1% risk of failure)
Press: ? - help, Shift-Dir - straight line, f/p - ogre
Aim: an ogre, wielding a +0 giant club (moderately wounded, 92% to hit)
The blast of sand hits the ogre!
The ogre is almost dead.
The ogre hits you with a +0 giant club!!
Ouch! That really hurt!
You die...

##..............#####..
#...............# #...
###.##.............#...
####.....###.........
###....##.........
##...####.......
##..............
###..#..##........
#@..###.# .....#..
###O### ## ..#.#..
#...# ##...
#............. ..##
#.####.###.### . . #.
.o. . #.. . ##.# ##


You could see an ogre and an orc.

Vanquished Creatures
  Grinder (D:3)
  A black bear (D:4)
  2 scorpions
  A sleepcap (D:4)
  Jessica (D:3)
  Natasha (twice) (D:2)
  Terence (D:3)
  4 adders
  2 dart slugs (D:1)
  4 orcs
  5 endoplasms
  2 giant cockroaches (D:2)
  7 goblins
  7 hobgoblins
  3 jackals (D:1)
  3 kobolds
  3 quokkas
  6 ball pythons
  3 bats (D:3)
  3 frilled lizards
  7 rats
68 creatures vanquished.

Notes
Turn   | Place    | Note
-------+----------+-------------------------------------------
     0 | D:1      | Essalna the Gargoyle Earth Elementalist began the quest for
                  | the Orb.
     0 | D:1      | Reached XP level 1. HP: 10/10 MP: 3/3
   115 | D:1      | Reached XP level 2. HP: 15/15 MP: 0/5
   183 | D:1      | Found Itepoq's Armour Shop.
   384 | D:1      | Reached skill level 4 in Earth Magic
   524 | D:1      | Reached XP level 3. HP: 19/19 MP: 2/6
   668 | D:1      | Found a faded altar of an unknown god.
   722 | D:1      | Found Fesuf's General Store.
  1078 | D:2      | You fall into a shaft and drop 2 floors!
  1128 | D:4      | Noticed a scorpion
  1137 | D:4      | Killed a scorpion
  1138 | D:4      | Reached XP level 4. HP: 14/24 MP: 1/8
  1337 | D:4      | Noticed a black bear
  1340 | D:4      | Killed a black bear
  1341 | D:4      | Reached skill level 5 in Earth Magic
  1341 | D:4      | Reached XP level 5. HP: 28/28 MP: 6/10
  2205 | D:2      | Reached XP level 6. HP: 32/32 MP: 9/11
  2569 | D:2      | Noticed Natasha
  2571 | D:2      | Killed Natasha
  2624 | D:2      | Noticed Natasha
  2630 | D:2      | Killed Natasha
  3005 | D:3      | Noticed Grinder
  3008 | D:3      | Paralysed by Grinder for 4 turns
  3014 | D:3      | Killed Grinder
  3015 | D:3      | Reached skill level 6 in Earth Magic
  3015 | D:3      | Reached XP level 7. HP: 9/36 MP: 6/13
  3385 | D:3      | Noticed Terence
  3389 | D:3      | Killed Terence
  3497 | D:3      | Noticed Jessica
  3498 | D:3      | Killed Jessica
  3499 | D:3      | Reached skill level 5 in Conjurations
  3543 | D:4      | Reached skill level 7 in Earth Magic
  3736 | D:4      | Found a stormy altar of Qazlal.
  3766 | D:4      | Slain by an ogre

Illustrated notes

Levels and vault maps discovered:
D:1:      onia_arrival_mini_spirals, layout_basic, serial_shops, shop, shop,
          hellmonk_ecumenical_altar_run_dry
D:2:      layout_basic, minmay_tripent, uniq_natasha
D:3:      layout_basic, minmay_misc_feat_five, kennysheep_pointless_box,
          serial_bayou_crossing, uniq_grinder, uniq_terence, uniq_jessica
D:4:      layout_cave_pools, kennysheep_mini_moat, minmay_ruptured

Skill      XL: |  1  2  3  4  5  6  7 |
---------------+----------------------+-----
Earth Magic    | 4 5 6 7 |  7.0
Conjurations   | 2 3 4 5 |  5.1
Spellcasting   | 3 4 |  4.0
Dodging        | |  1.6
Stealth        | |  2.1

Action                     |  1- 3 |  4- 6 |  7- 9 || total
---------------------------+-------+-------+-------++-------
  Melee: Unarmed           |    11 |       |       ||    11
         Dagger            |     4 |       |       ||     4
   Cast: Sandblast         |    42 |    51 |    19 ||   112
 Armour: Robe              |    17 |    12 |     8 ||    37
  Dodge: Dodged            |    16 |     6 |     4 ||    26

Table legend: (Time is in decaauts)
 A = Elapsed time spent in this place.
 B = Non-inter-level travel time spent in this place.
 C = Inter-level travel time spent in this place.
 D = Time resting spent in this place.
 E = Time spent auto-exploring this place.
 F = Levels seen in this place.
 G = Mean time per level.
                   A        B        C        D        E       F      G
               +--------+--------+--------+--------+--------+-----+--------+
         Total |   3835 |   3533 |    302 |      0 |   3091 |   4 |  958.8 |
       Dungeon |   3835 |   3533 |    302 |      0 |   3091 |   4 |  958.8 |
               +--------+--------+--------+--------+--------+-----+--------+

Top non-repeatable levels by time:
     D:3: 1162 daAuts
     D:1: 1076 daAuts
     D:2: 1031 daAuts
     D:4: 564 daAuts
